Map: 虚空撕裂

Players

梦想天生

  • Race: Zerg Zerg
  • Spawn Location: 9:00

喂人民服雾

  • Race: Terran Terran
  • Spawn Location: 6:00

VOD

Have the link to the VOD?

Description

Time

  • Played on: March 4, 2018, 3:27 a.m.
  • Length: 10:44
Show
View Real Time Build Order
Export as new Build Order

梦想天生 Zerg 

Build Orders:  

Get SALT Encoding   

  12  0:19  Roach Warren  
  11  0:43  Roach  
  11  0:46  Spore Crawler  
  12  1:00  Overlord  
  12  1:08  Drone  
  13  1:27  Roach  
  13  1:49  Brutalisk  
  13  1:52  Drone x3  
  13  1:53  Drone x3  
  13  1:59  Extractor x2  
  17  2:06  Drone  
  18  2:23  Roach  
  18  2:50  Drone x2  
  22  3:06  Lair  
  22  3:12  Roach  
  22  3:30  Spore Crawler  
  22  3:34  Brutalisk  
  22  3:39  Overlord  
  21  3:59  Spire  
  20  4:25  Mutalisk  
  22  4:53  Roach  
  22  4:54  Mutalisk  
  26  5:31  Mutalisk  
  26  5:59  Mutalisk, Leviathan  
  28  6:07  Overseer  
  28  6:20  Mutalisk  
  28  6:29  Mutalisk  
  28  6:48  Leviathan  
  28  6:49  Roach  
  28  6:57  Leviathan  
  28  7:11  Brutalisk  
  26  8:34  Roach  
  26  8:36  Roach  
  26  9:56  Roach  
  26  10:18  Brutalisk  
Show
View Real Time Build Order
Export as new Build Order

喂人民服雾 Terran 

Build Orders:  

Get SALT Encoding   

Tags
 
Commander
AbathurRaynor
Matchup
Co-op
Replay Pack
Co-op Speedrun
Add a new tag
Caveats
  • Supply blocks, unpowered buildings, or Contaminate may cause inaccurate times.
  • Supply counts are checked every 10 seconds.